 Dungeon Crawl Stone Soup version 0.28-a0-1506-g3893175d92 (webtiles) character file.

Game seed: 5769432264151248670

109 parzival7114810 the Skirmisher (level 4, -45/41 HPs)
             Began as a Minotaur Abyssal Knight on Jan 13, 2022.
             Was a Follower of Lugonu.
             Killed by an exploding hobgoblin (46 damage)
             ... ignited by their inner flame
             ... on level 3 of the Dungeon.
             The game lasted 00:08:13 (5167 turns).

parzival7114810 the Skirmisher (MiAK)               Turns: 5167, Time: 00:08:15

Health: -45/41     AC: -8    Str: 19    XL:     4   Next: 59%
Magic:  4/4        EV: 12    Int:  7    God:    Lugonu [*.....]
Gold:   181        SH:  0    Dex: 11    Spells: 3/3 levels left

rFire   . . .      SeeInvis .   a - +1 falchion
rCold   . . .      Faith    .   (no shield)
rNeg    . . .      Spirit   .   b - +0 leather armour
rPois   .          Reflect  .   (helmet restricted)
rElec   .          Harm     .   (no cloak)
rCorr   .          Rampage  .   (no gloves)
Will    .....                   (no boots)
Stlth   +.........              (no amulet)
HPRegen 0.13/turn               (no ring)
MPRegen 0.09/turn               (no ring)

@: corroded
A: horns 2, retaliatory headbutt
a: Renounce Religion, Depart the Abyss


You were on level 3 of the Dungeon.
You worshipped Lugonu.
Lugonu was aware of your devotion.
You visited 1 branch of the dungeon, and saw 3 of its levels.
You visited the Abyss 1 time.

You collected 181 gold pieces.

Inventory:

Hand Weapons
 a - a +1 falchion (weapon)
Armour
 b - a +0 leather armour (worn)
 j - a +0 helmet
Jewellery
 h - a +6 ring of dexterity
 i - a ring of protection from fire
Scrolls
 d - a scroll of acquirement


   Skills:
 + Level 4.6 Fighting
 + Level 3.5 Long Blades
 + Level 3.2 Armour
 + Level 2.3 Dodging
 + Level 0.4 Stealth
 + Level 2.1 Invocations


You had 3 spell levels left.
You didn't know any spells.
Your spell library contained the following spells:

 Spells                   Type           Power      Damage    Failure   Level
 Ignite Poison            Fire/Tmut/Pois 0%         N/A       86%         3
 Mephitic Cloud           Conj/Pois/Air  0%         N/A       86%         3
 Ozocubu's Armour         Ice            0%         N/A       86%         3
 Freezing Cloud           Conj/Ice/Air   0%         6-21      100%        5
 Metabolic Englaciation   Hex/Ice        0%         N/A       100%        5
 Simulacrum               Ice/Necr       0%         N/A       100%        6


Dungeon Overview and Level Annotations

Branches:
Dungeon (3/15)

Altars:

Annotations:
D:2 Sigmund


Innate Abilities, Weirdness & Mutations

You have a pair of horns on your head.
You reflexively headbutt those who attack you in melee.


Message History

The hobgoblin shouts!
The hobgoblin moves out of view.
The jelly hits you. The acid corrodes you!
You are splashed with acid.
You hit the jelly but do no damage.
Your hands burn!
The jelly hits you. The acid corrodes you!
You are splashed with acid!
The hobgoblin barely misses you. You furiously retaliate!
You headbutt the hobgoblin, but do no damage.
The jelly closely misses you.
You hit the jelly.
Your hands burn!
You headbutt the jelly!
The jelly is severely wounded.
The hobgoblin hits you. The jelly hits you. The acid corrodes you!
You are splashed with acid!
* * * LOW HITPOINT WARNING * * *
You hit the jelly.
You kill the jelly!
Lugonu accepts your kill. The hobgoblin hits you.
* * * LOW HITPOINT WARNING * * *
The hobgoblin hits you.
* * * LOW HITPOINT WARNING * * *
You aren't carrying any potions.
As you read the scroll labelled UNUP YMAHELAVY, it crumbles to dust.
It is a scroll of identify.
d - a scroll of acquirement The hobgoblin closely misses you.
As you read the scroll labelled OWKIR RIOSHA, it crumbles to dust.
The creatures around you are filled with an inner flame!
It was a scroll of immolation.
The hobgoblin closely misses you.
Unknown command.
You hit the hobgoblin but do no damage. Your headbutt misses the hobgoblin.
The hobgoblin barely misses you. You furiously retaliate!
You headbutt the hobgoblin.
Flame seeps out of the hobgoblin.
You barely miss the hobgoblin.
The hobgoblin is lightly wounded.
The hobgoblin is engulfed in blazing flames.
Lugonu accepts your kill.
The hobgoblin explodes!
The fiery explosion engulfs you!!!
Ouch! That really hurt!
You die...

#≈≈...#≈..#
#.....#############
'≈≈..≈≈.≈##
#.....#............
'.≈≈._≈..#
#..........########
'≈≈.≈.≈.≈#
##..............[.
#≈≈≈.≈#≈.#
#..........######
≈#.≈≈≈##≈# ###........#
.≈≈##..#≈#########........#
.≈.≈ ≈8# #................#
. ..# ## #.....§@..##+###.#
+......°..# .# .........##
#........# #........#
#........# ########.. #..


There were no monsters in sight!

Vanquished Creatures
  A jelly (D:3)
  2 adders
  A worm (D:2)
  A dart slug (D:1)
  6 orcs (D:3)
  4 endoplasms
  3 giant cockroaches
  3 goblins
  5 hobgoblins
  3 jackals (D:2)
  3 kobolds
  3 quokkas (D:1)
  A ball python (D:2)
  6 bats
  A frilled lizard (D:1)
  5 rats
48 creatures vanquished.

Notes
Turn   | Place    | Note
-------+----------+-------------------------------------------
     0 | Abyss:1  | parzival7114810 the Minotaur Abyssal Knight began the quest
                  | for the Orb.
     0 | Abyss:1  | Reached XP level 1. HP: 19/19 MP: 1/1
     7 | D:1      | Escaped the Abyss
    33 | D:1      | Reached skill level 4 in Fighting
    62 | D:1      | Reached * piety under Lugonu
    63 | D:1      | Reached XP level 2. HP: 18/27 MP: 2/2
  1818 | D:2      | Reached XP level 3. HP: 16/34 MP: 3/3
  3729 | D:2      | Noticed Sigmund
  4388 | D:3      | Reached XP level 4. HP: 28/41 MP: 4/4
  5018 | D:3      | Found a faded altar of an unknown god.
  5162 | D:3      | HP: 2/41 [hobgoblin (2)]
  5164 | D:3      | Identified a scroll of acquirement
  5167 | D:3      | Killed by an exploding hobgoblin... ignited by their inner
                  | flame

Illustrated notes

Levels and vault maps discovered:
D:1:      ebering_trefoil_3fold, layout_rooms
D:2:      layout_loops_ring, uniq_sigmund
D:3:      layout_basic, dreamdust_ecumenical_altar_drowned_temple

Skill      XL: |  1  2  3 |
---------------+----------+-----
Fighting       | 4 |  4.6
Invocations    | 2 |  2.1
Long Blades    | 3 |  3.5
Dodging        | 2 |  2.3
Armour         | 3 |  3.2
Stealth        | |  0.4

Action                   |  1- 3 |  4- 6 || total
-------------------------+-------+-------++-------
Melee: Falchion          |    81 |    13 ||    94
       Headbutt          |    13 |     4 ||    17
       Punch             |     1 |       ||     1
Invok: Depart the Abyss  |     1 |       ||     1
  Use: Potion            |     4 |       ||     4
       Scroll            |       |     2 ||     2
 Stab: Sleeping          |     1 |       ||     1
Armor: Leather armour    |    43 |     1 ||    44
Dodge: Dodged            |    84 |    13 ||    97

Table legend: (Time is in decaauts)
 A = Elapsed time spent in this place.
 B = Non-inter-level travel time spent in this place.
 C = Inter-level travel time spent in this place.
 D = Time resting spent in this place.
 E = Time spent auto-exploring this place.
 F = Levels seen in this place.
 G = Mean time per level.
                   A        B        C        D        E       F      G
               +--------+--------+--------+--------+--------+-----+--------+
         Total |   5147 |   5000 |    147 |   3332 |   1017 |   4 | 1286.8 |
       Dungeon |   5140 |   4993 |    147 |   3332 |   1017 |   3 | 1713.3 |
         Abyss |      7 |      7 |      0 |      0 |      0 |   1 |    7.0 |
               +--------+--------+--------+--------+--------+-----+--------+

Top non-repeatable levels by time:
     D:2: 2604 daAuts
     D:1: 1554 daAuts
     D:3: 981 daAuts
 Abyss:1: 7 daAuts
